 Dungeon Crawl Stone Soup version 0.31.0-2-g5a2aebc5c2 (webtiles) character file.

Game seed: 15273707836113227289

3110 Aviak the Magician (level 9, -2/67 HPs)
             Began as a Gnoll Fire Elementalist on Jan 20, 2024.
             Slain by a fire elemental (10 damage)
             ... summoned by a deep elf pyromancer
             ... on level 7 of the Dungeon.
             The game lasted 00:16:02 (8269 turns).

Aviak the Magician (Gnoll Fire Elementalist)        Turns: 8269, Time: 00:16:03

Health: -2/67      AC:  9    Str:  7    XL:     9   Next: 91%
Magic:  6/19       EV: 13    Int: 20    God:
Gold:   401        SH:  0    Dex: 12    Spells: 15/22 levels left

rFire   . . .        u - +5 flail (drain)
rCold   + . .        (no shield)
rNeg    . . .        e - +1 leather armour {rC+}
rPois   .            r - +0 helmet
rElec   .            y - +1 cloak
rCorr   .            k - +0 pair of gloves
SInv    .            (no boots)
Will    .....        x - amulet of the acrobat
Stlth   +++          (no ring)
HPRegen 0.31/turn    (no ring)
MPRegen 0.16/turn

%: acrobat
@: no status effects
A: fangs 1, strong nose, distributed training
a: no special abilities


You were on level 7 of the Dungeon.
You visited 2 branches of the dungeon, and saw 8 of its levels.

You collected 401 gold pieces.

Inventory:

Hand Weapons
 j - a +0 trident
 p - a +2 whip of flaming
 u - a +5 flail of draining (weapon)
Armour
 e - a +1 leather armour of cold resistance (worn)
 k - a +0 pair of gloves (worn)
 m - an orb of guile
 r - a +0 helmet (worn)
 y - a +1 cloak (worn)
 C - +0 steam dragon scales
Magical Staves
 v - a staff of alchemy
Jewellery
 x - an amulet of the acrobat (around neck)
Talismans
 d - a flux talisman
Wands
 l - a wand of polymorph (8)
 n - a wand of flame (50)
 q - a wand of charming (15)
Scrolls
 a - 3 scrolls of fear {unknown}
 c - 3 scrolls of immolation {unknown}
 g - 2 scrolls of amnesia
 h - a scroll of teleportation {unknown}
 i - 4 scrolls of identify
 s - 2 scrolls of summoning {unknown}
 t - a scroll of enchant armour
 w - a scroll of fog {unknown}
 B - a scroll of torment {unknown}
Potions
 b - 3 potions of magic
 f - 2 potions of attraction
 o - a potion of ambrosia {unknown}
 z - 2 potions of curing {unknown}
 A - a potion of haste {unknown}


   Skills:
 + Level 4.9 Fighting
 + Level 4.9 Short Blades
 + Level 4.9 Long Blades
 + Level 4.9 Axes
 + Level 4.9 Maces & Flails
 + Level 4.9 Polearms
 + Level 4.9 Staves
 + Level 4.9 Ranged Weapons
 + Level 4.9 Throwing
 + Level 4.9 Armour
 + Level 6.7 Dodging
 + Level 6.5 Stealth
 + Level 4.9 Shields
 + Level 4.9 Unarmed Combat
 + Level 7.1 Spellcasting
 + Level 4.6 Conjurations
 + Level 4.0 Hexes
 + Level 4.0 Summonings
 + Level 4.0 Necromancy
 + Level 4.0 Translocations
 + Level 6.9 Fire Magic
 + Level 4.0 Ice Magic
 + Level 4.0 Air Magic
 + Level 4.0 Earth Magic
 + Level 4.0 Alchemy
 + Level 5.3 Invocations
 + Level 4.9 Evocations
 + Level 4.4 Shapeshifting


You had 15 spell levels left.
You knew the following spells:

 Your Spells              Type           Power      Damage    Failure   Level
a - Foxfire               Conj/Fire      100%       2x1d9     1%          1
b - Scorch                Fire           68%        2d7       1%          2
c - Volatile Blastmotes   Fire/Tloc      58%        2d14      4%          3
d - Kiss of Death         Conj/Necr      96%        2d12      2%          1

Your spell library contained the following spells:

 Spells                   Type           Power      Damage    Failure   Level
 Sublimation of Blood     Necr           23%        N/A       3%          2
 Inner Flame              Hex/Fire       29%        N/A       4%          3
 Dazzling Flash           Conj/Hex       48%        N/A       7%          3
 Mephitic Cloud           Conj/Alch/Air  24%        N/A       7%          3
 Confusing Touch          Hex            23%        N/A       8%          3
 Flame Wave               Conj/Fire      30%        2d9       12%         4
 Dispel Undead            Necr           23%        3d12      26%         4
 Petrify                  Alch/Erth      23%        N/A       26%         4
 Irradiate                Conj/Alch      12%        3d15      52%         5
 Curse of Agony           Necr           23%        N/A       56%         5
 Silence                  Hex/Air        11%        N/A       56%         5


Dungeon Overview and Level Annotations

Branches:
Dungeon (7/15)             Temple (1/1) D:6

Altars:
Cheibriados
Dithmenos
Elyvilon
Fedhas
Hepliaklqana
Kikubaaqudgha
Okawaru
Sif Muna
Uskayaw


Innate Abilities, Weirdness & Mutations

You have very sharp teeth.
Your uncanny sense of smell can sniff out nearby items.
Your experience applies equally to all skills.


Message History

You feel resistant to cold.
The deep elf pyromancer mumbles some strange words.
The deep elf pyromancer blinks!
Things that are here:
a +0 shortbow; a centaur corpse; a hound corpse You start resting.
A deep elf pyromancer is nearby!
The deep elf pyromancer mumbles some strange words.
The fire elemental completely misses you.
Things that are here:
a +0 shortbow; a centaur corpse; a hound corpse The fire elemental completely misses you.
The deep elf pyromancer hits you with a +0 long sword.
Casting: Scorch (safe; 1% risk of failure)
Confirm with . or Enter, or press ? or * to list all spells.
Flames lash the fire elemental.
The fire elemental completely resists.
The fire elemental misses you. The fire elemental hits you.
The fire elemental burns you!
The deep elf pyromancer hits you with a +0 long sword.
You thump the deep elf pyromancer!
Your bite misses the deep elf pyromancer.
The deep elf pyromancer is moderately wounded.
The fire elemental hits you. The fire elemental burns you!
The fire elemental hits you. The fire elemental burns you!
The fire elemental hits you. The fire elemental burns you!
* * * LOW HITPOINT WARNING * * *
The fire elemental barely misses you.
The deep elf pyromancer completely misses you.
Okay, then.
You hit the deep elf pyromancer. You drain the deep elf pyromancer.
The deep elf pyromancer is heavily wounded.
The fire elemental hits you. The fire elemental burns you!
* * * LOW HITPOINT WARNING * * *
The fire elemental misses you.
The deep elf pyromancer gestures at you while chanting.
The bolt of fire misses you. The fire elemental hits you.
The fire elemental burns you!
* * * LOW HITPOINT WARNING * * *
The fire elemental hits you. The fire elemental burns you!
You die...

#..#.......###
#............#
##.#..........##
#..#..........##
#.##........###.
##.>#.....#####.K
##.......### ##..
##E)......######...
##e@##........##....
######.E######...........
##....†°.### ###.........
#..........# #..........
#..........# #..........
.............#
#......^...
.............#
#..........
..............#
##.........
..............#
#.........


You could see a deep elf pyromancer (drained) and 2 fire elementals.

Vanquished Creatures
  Sigmund (D:2)
  A wraith (D:7)
  A steam dragon (D:7)
  A water moccasin (D:7)
  Duvessa (D:7)
  2 black bears
  An ice beast (D:5)
  The ghost of dakkaduck the Chopper, an amateur MiBe of Trog (D:3)
  3 ogres
  A centaur (D:7)
  A kobold brigand (D:7)
  3 bullfrogs
  2 gnoll sergeants
  3 scorpions
  4 wights (D:6)
  Dowan (D:7)
  4 hounds
  A jelly (D:7)
  A bombardier beetle (D:3)
  Crazy Yiuf (D:5)
  4 orc priests
  5 iguanas
  2 sleepcaps
  Ijyb (D:3)
  Terence (D:2)
  3 orc wizards
  Natasha (D:2)
  Robin (D:3)
  7 adders
  8 gnolls
  A white imp (D:5)
  2 ufetubi (D:6)
  3 ribbon worms
  3 dart slugs
  21 orcs
  4 bats
  6 endoplasms
  4 giant cockroaches
  9 goblins
  8 hobgoblins
  5 quokkas
  8 ball pythons
  6 frilled lizards
  4 kobolds
  6 rats
  A butterfly (D:6)
158 creatures vanquished.

Vanquished Creatures (others)
  154 foxfires
154 creatures vanquished.

Grand Total: 312 creatures vanquished

Notes
Turn   | Place    | Note
-------+----------+-------------------------------------------
     0 | D:1      | Aviak the Gnoll Fire Elementalist began the quest for the
                  | Orb.
     0 | D:1      | Reached XP level 1. HP: 13/13 MP: 6/6
   574 | D:1      | Reached XP level 2. HP: 19/19 MP: 4/7
  1390 | D:2      | Noticed Sigmund
  1398 | D:2      | Learned a level 2 spell: Scorch
  1407 | D:2      | Noticed Terence
  1496 | D:2      | Reached skill level 5 in Spellcasting
  1496 | D:2      | Reached XP level 3. HP: 25/25 MP: 4/9
  1632 | D:2      | Reached skill level 1 in Invocations
  1706 | D:2      | Learned a level 3 spell: Volatile Blastmotes
  1832 | D:2      | Reached skill level 1 in Fighting
  1832 | D:2      | Reached skill level 1 in Short Blades
  1832 | D:2      | Reached skill level 1 in Long Blades
  1832 | D:2      | Reached skill level 1 in Axes
  1832 | D:2      | Reached skill level 1 in Maces & Flails
  1832 | D:2      | Reached skill level 1 in Polearms
  1832 | D:2      | Reached skill level 1 in Staves
  1832 | D:2      | Reached skill level 1 in Ranged Weapons
  1832 | D:2      | Reached skill level 1 in Throwing
  1832 | D:2      | Reached skill level 1 in Armour
  1832 | D:2      | Reached skill level 1 in Shields
  1832 | D:2      | Reached skill level 1 in Unarmed Combat
  1832 | D:2      | Reached skill level 1 in Evocations
  1838 | D:2      | Reached skill level 1 in Shapeshifting
  1838 | D:2      | Reached XP level 4. HP: 32/32 MP: 3/11
  2146 | D:2      | You fall into a shaft and drop 2 floors!
  2147 | D:4      | Noticed a bullfrog
  2151 | D:4      | Killed a bullfrog
  2152 | D:4      | Reached skill level 1 in Hexes
  2152 | D:4      | Reached skill level 1 in Summonings
  2152 | D:4      | Reached skill level 1 in Necromancy
  2152 | D:4      | Reached skill level 1 in Translocations
  2152 | D:4      | Reached skill level 1 in Ice Magic
  2152 | D:4      | Reached skill level 1 in Air Magic
  2152 | D:4      | Reached skill level 1 in Earth Magic
  2152 | D:4      | Reached skill level 1 in Alchemy
  2152 | D:4      | Reached XP level 5. HP: 37/37 MP: 6/12
  2711 | D:3      | Reached XP level 6. HP: 44/44 MP: 8/13
  2852 | D:3      | Reached skill level 5 in Dodging
  3227 | D:3      | Noticed Ijyb
  3228 | D:3      | Noticed Robin
  3243 | D:3      | Killed Ijyb
  3278 | D:3      | Killed Robin
  3482 | D:2      | Noticed Natasha
  3495 | D:2      | Killed Natasha
  3671 | D:2      | Killed Terence
  3702 | D:2      | Killed Sigmund
  3703 | D:2      | Reached XP level 7. HP: 38/51 MP: 1/15
  4004 | D:3      | Found a transporter.
  4004 | D:3      | Noticed dakkaduck's ghost (amateur MiBe)
  4013 | D:3      | Found a transporter.
  4033 | D:3      | Reached skill level 5 in Stealth
  4146 | D:3      | Killed dakkaduck's ghost
  4285 | D:4      | Learned a level 1 spell: Kiss of Death
  4378 | D:4      | Reached XP level 8. HP: 49/58 MP: 5/16
  5132 | D:5      | Entered Level 5 of the Dungeon
  5172 | D:5      | Reached skill level 6 in Spellcasting
  5426 | D:5      | Found a blossoming altar of Fedhas.
  6108 | D:5      | Found a runed translucent door.
  6109 | D:5      | Noticed Crazy Yiuf
  6424 | D:5      | Killed Crazy Yiuf
  6751 | D:6      | Reached XP level 9. HP: 65/65 MP: 11/18
  7225 | D:6      | Found a staircase to the Ecumenical Temple.
  7339 | Temple   | Entered the Ecumenical Temple
  7670 | D:7      | Reached skill level 5 in Invocations
  7856 | D:7      | Noticed Dowan
  7860 | D:7      | Noticed Duvessa
  7863 | D:7      | Killed Dowan
  7867 | D:7      | Killed Duvessa
  8205 | D:7      | Reached skill level 7 in Spellcasting
  8251 | D:7      | Noticed a deep elf pyromancer
  8269 | D:7      | Slain by a fire elemental

Illustrated notes

Levels and vault maps discovered:
D:1:      amcnicky_arrival_feature_with_door, layout_basic,
          chequers_serial_rivers_large_a
D:2:      layout_basic, st_stairs_4, grunt_ministairs_10, nrook_mini_backslash,
          uniq_terence, uniq_sigmund, uniq_natasha
D:3:      layout_basic, gammafunk_ghost_smash, nicolae_goblin_pals
D:4:      layout_loops_ring
D:5:      layout_basic, fedhas_ov_isle_minmay, uniq_crazy_yiuf_cottage
D:6:      layout_cave_pools, minmay_temple_entry_butterflies, serial_glass,
          glass_columns_b, glass_columns_c
D:7:      layout_cave_pods, uniq_duvessa
Temple:   hellmonk_temple_beads

Skill      XL: |  1  2  3  4  5  6  7  8  9 |
---------------+----------------------------+-----
Conjurations   | 2 3 4 |  4.6
Spellcasting   | 5 6 7 |  7.1
Invocations    | 1 2 3 4 5 |  5.3
Fighting       | 1 2 3 4 |  4.9
Short Blades   | 1 2 3 4 |  4.9
Long Blades    | 1 2 3 4 |  4.9
Axes           | 1 2 3 4 |  4.9
Maces & Flails | 1 2 3 4 |  4.9
Polearms       | 1 2 3 4 |  4.9
Staves         | 1 2 3 4 |  4.9
Ranged Weapons | 1 2 3 4 |  4.9
Throwing       | 1 2 3 4 |  4.9
Armour         | 1 2 3 4 |  4.9
Shields        | 1 2 3 4 |  4.9
Unarmed Combat | 1 2 3 4 |  4.9
Evocations     | 1 2 3 4 |  4.9
Shapeshifting  | 1 2 3 4 |  4.4
Hexes          | 1 2 3 4 |  4.0
Summonings     | 1 2 3 4 |  4.0
Necromancy     | 1 2 3 4 |  4.0
Translocations | 1 2 3 4 |  4.0
Ice Magic      | 1 2 3 4 |  4.0
Air Magic      | 1 2 3 4 |  4.0
Earth Magic    | 1 2 3 4 |  4.0
Alchemy        | 1 2 3 4 |  4.0
Dodging        | 5 6 |  6.7
Stealth        | 5 6 |  6.5
Fire Magic     | 6 |  6.9

Action                     |  1- 3 |  4- 6 |  7- 9 || total
---------------------------+-------+-------+-------++-------
  Melee: Trident           |    27 |    66 |       ||    93
         Dagger            |     6 |       |       ||     6
         Bite              |     2 |     3 |     8 ||    13
         Whip              |       |    21 |       ||    21
         Flail             |       |     4 |    96 ||   100
         Punch             |       |     1 |     2 ||     3
   Cast: Foxfire           |    53 |    15 |    23 ||    91
         Scorch            |     8 |    45 |   108 ||   161
         Volatile Blastmot |       |       |     6 ||     6
    Use: Scroll            |       |       |     3 ||     3
         Potion            |       |       |     1 ||     1
   Stab: Sleeping          |     1 |     3 |     3 ||     7
 Armour: Leather armour    |    16 |    76 |   134 ||   226
         Robe              |     1 |       |       ||     1
  Dodge: Dodged            |    23 |    70 |   150 ||   243
